 Dungeon Crawl Stone Soup version 0.31-a0-236-g9a0961fb85 (webtiles) character file.

Game seed: 6389186804860974110

87 Iniera the Stinger (level 4, -2/31 (33) HPs)
             Began as a Demigod Venom Mage on July 10, 2023.
             Killed by nerve-wracking pain
             ... invoked by an orc priest
              (10 damage)
             ... on level 4 of the Dungeon on July 11, 2023.
             The game lasted 00:05:54 (3463 turns).

Iniera the Stinger (Demigod Venom Mage)             Turns: 3463, Time: 00:05:54

HP:   -2/31 (33)    AC:  3    Str:  9    XL:     4   Next: 7%
MP:   6/10          EV: 13    Int: 23    God:
Gold: 235           SH:  0    Dex: 18    Spells: 4/7 levels left

rFire   . . .        o - +2 dagger (drain)
rCold   . . .        (no shield)
rNeg    . . .        a - +0 robe
rPois   .            g - +0 helmet
rElec   .            (no cloak)
rCorr   .            (no gloves)
SInv    .            (no boots)
Will    .....        (no amulet)
Stlth   ++           i - +6 ring of intelligence
HPRegen 0.25/turn    (no ring)
MPRegen 0.12/turn

%: no passive effects
@: drained
A: high MP 1, forlorn, divine attributes
a: no special abilities


You were on level 4 of the Dungeon.
You visited 1 branch of the dungeon, and saw 4 of its levels.

You collected 235 gold pieces.

Inventory:

Hand Weapons
 o - a +2 dagger of draining (weapon)
Armour
 a - a +0 robe (worn)
 g - a +0 helmet (worn)
Jewellery
 i - a +6 ring of intelligence (left hand)
Scrolls
 c - a scroll of poison {unknown}
 h - 2 scrolls of fear
 j - a scroll of amnesia {unknown}
 k - 2 scrolls of revelation {unknown}
 l - a scroll of teleportation {unknown}
 p - a scroll of enchant armour {unknown}
Potions
 b - 2 potions of magic
 d - 2 potions of attraction
 e - a potion of ambrosia {unknown}
 f - a potion of enlightenment
 m - a potion of berserk rage {unknown}
 n - 2 potions of degeneration {unknown}


   Skills:
 + Level 0.1 Short Blades
 + Level 2.3 Dodging
 - Level 2.0 Stealth
 + Level 2.2 Spellcasting
 + Level 1.0 Conjurations
 + Level 1.5 Transmutations
 + Level 1.1 Air Magic
 + Level 3.1 Poison Magic


You had 4 spell levels left.
You knew the following spells:

 Your Spells              Type           Power      Damage    Failure   Level
a - Sting                 Tmut/Pois      52%        1d5       4%          1
b - Poisonous Vapours     Pois/Air       24%        N/A       8%          2

Your spell library contained the following spells:

 Spells                   Type           Power      Damage    Failure   Level
 Kiss of Death            Conj/Necr      16%        2d6       10%         1
 Apportation              Tloc           4%         N/A       13%         1
 Mephitic Cloud           Conj/Pois/Air  10%        N/A       19%         3
 Olgreb's Toxic Radiance  Pois           16%        N/A       34%         4
 Confusing Touch          Hex            2%         N/A       36%         3
 Dispel Undead            Necr           2%         3d7       77%         4
 Alistair's Intoxication  Tmut/Pois      8%         N/A       80%         5


Dungeon Overview and Level Annotations

Branches:
Dungeon (4/15)
 Temple: D:4-7


Innate Abilities, Weirdness & Mutations

You have an increased reservoir of magic. (+10% MP)
You shall have no god before yourself.
Your divine heritage dramatically boosts your attributes as you level up.


Message History

You hit the giant cockroach.
You kill the giant cockroach!
Found an escape hatch in the ceiling.
There is a stone staircase leading up here.
p - a scroll labelled OXIMMARAXAM
Things that are here:
a +0 hand axe; a +0 leather armour; an orc corpse
There is a stone staircase leading up here.
You start resting.
HP restored.
You start waiting.
Done waiting.
You climb upwards.
The orc hits you with a +0 heavy hand axe!
There is a stone staircase leading down, spattered with blood here.
The orc wizard hits you with a +3 dagger.
The orc priest hits you with a +0 club.
You climb downwards.
There is a stone staircase leading up here.
Sorry, you're not good enough to have a special ability.
Casting: Poisonous Vapours (safe; 8% risk of failure)
Confirm with . or Enter, or press ? or * to list all spells.
Aiming: Poisonous Vapours (safe; 8% risk of failure)
Press: ? - help, Dir - move target, f - orc priest
Aim: an orc priest, wielding a +0 club Poisonous vapours surround the orc priest!
The orc priest is poisoned.
The orc hits you with a +0 heavy hand axe!
The orc wizard closely misses you. The orc priest hits you with a +0 club.
* * * LOW HITPOINT WARNING * * *
Casting: Poisonous Vapours (safe; 8% risk of failure)
Confirm with . or Enter, or press ? or * to list all spells.
Aiming: Poisonous Vapours (safe; 8% risk of failure)
Press: ? - help, Dir - move target, f - orc wizard, p - orc priest
Aim: an orc wizard, wielding a +3 dagger and wearing a +0 robe Poisonous vapours surround the orc wizard!
The orc wizard is poisoned.
The orc priest invokes the aid of Beogh against you.
Pain shoots through your body!
You die...

#.#..........
..#.........
........... ..
..........###..
...............
............#
#....>.....#
#...o...###
#####..@o......
.......[o......
.####........#.
##...##....
..... ..##
##.#.## ... #.
.. <. #. .. ..
...


You could see an orc priest (poisoned), an orc wizard (poisoned) and an orc.

Vanquished Creatures
  3 adders
  A dart slug (D:1)
  2 orcs
  7 bats
  5 endoplasms
  A giant cockroach (D:4)
  5 goblins
  4 hobgoblins
  2 jackals (D:1)
  4 kobolds
  7 quokkas
  4 ball pythons
  2 frilled lizards
  3 rats (D:1)
50 creatures vanquished.

Notes
Turn   | Place    | Note
-------+----------+-------------------------------------------
     0 | D:1      | Iniera the Demigod Venom Mage began the quest for the Orb.
     0 | D:1      | Reached XP level 1. HP: 14/14 MP: 5/5
   170 | D:1      | Reached skill level 1 in Transmutations
   643 | D:1      | Reached XP level 2. HP: 20/20 MP: 4/7
   657 | D:1      | Learned a level 2 spell: Poisonous Vapours
  1556 | D:2      | Reached XP level 3. HP: 25/26 MP: 5/8
  1762 | D:2      | Reached skill level 3 in Poison Magic
  2008 | D:2      | Reached skill level 1 in Air Magic
  2742 | D:3      | Reached skill level 1 in Conjurations
  2860 | D:3      | Reached XP level 4. HP: 33/33 MP: 8/10
  3302 | D:4      | Noticed an ice beast
  3463 | D:4      | Killed from afar by an orc priest

Illustrated notes

Levels and vault maps discovered:
D:1:      lemuel_arrival_cross, layout_basic, minmay_heptomino_l4
D:2:      layout_basic
D:3:      layout_basic, nicolae_elyvilon_peaceful_grove
D:4:      layout_rooms, cheibrodos_worm_habitat, nicolae_tso_besieged_by_evil,
          overflow_temple_1_default, minmay_temple_entry_offerings,
          serial_shops, nicolae_shop_rolling_square, shop, hex_intersection,
          uniq_robin, uniq_eustachio, uniq_sigmund

Skill      XL: |  1  2  3 |
---------------+----------+-----
Transmutations | 1 |  1.5
Stealth        | 2 |  2.0
Dodging        | 2 |  2.3
Spellcasting   | 2 |  2.2
Poison Magic   | 3 |  3.1
Air Magic      | 1 |  1.1
Conjurations   | 1 |  1.0
Short Blades   | |  0.1

Action                     |  1- 3 |  4- 6 || total
---------------------------+-------+-------++-------
  Melee: Unarmed           |     5 |       ||     5
         Short sword       |    15 |       ||    15
         Dagger            |    32 |     7 ||    39
         Punch             |     1 |       ||     1
   Cast: Sting             |    97 |     2 ||    99
         Poisonous Vapours |       |     3 ||     3
    Use: Scroll            |     4 |     1 ||     5
   Stab: Sleeping          |     2 |     1 ||     3
 Armour: Robe              |    39 |     3 ||    42
  Dodge: Dodged            |    63 |     8 ||    71

Table legend: (Time is in decaauts)
 A = Elapsed time spent in this place.
 B = Non-inter-level travel time spent in this place.
 C = Inter-level travel time spent in this place.
 D = Time resting spent in this place.
 E = Time spent auto-exploring this place.
 F = Levels seen in this place.
 G = Mean time per level.
                   A        B        C        D        E       F      G
               +--------+--------+--------+--------+--------+-----+--------+
         Total |   3464 |   3416 |     48 |    165 |   2816 |   4 |  866.0 |
       Dungeon |   3464 |   3416 |     48 |    165 |   2816 |   4 |  866.0 |
               +--------+--------+--------+--------+--------+-----+--------+

Top non-repeatable levels by time:
     D:1: 1380 daAuts
     D:2: 1044 daAuts
     D:3: 884 daAuts
     D:4: 155 daAuts
